 Dungeon Crawl Stone Soup version 0.30.1-11-g7821555f0a (webtiles) character file.

Game seed: 17753798177481968244

127 porada001 the Chopper (level 5, -4/47 HPs)
             Began as a Hill Orc Berserker on Nov 24, 2023.
             Was a Believer of Trog.
             Slain by Natasha (7 damage)
             ... on level 2 of the Dungeon.
             The game lasted 00:03:19 (2234 turns).

porada001 the Chopper (Hill Orc Berserker)          Turns: 2234, Time: 00:03:20

Health: -4/47      AC:  2    Str: 22    XL:     5   Next: 11%
Magic:  5/5        EV: 12    Int:  7    God:    Trog [**....]
Gold:   142        SH:  0    Dex: 10    Spells: 4/4 levels left

rFire   . . .        a - +0 hand axe
rCold   . . .        (no shield)
rNeg    . . .        b - +0 animal skin
rPois   .            (no helmet)
rElec   .            (no cloak)
rCorr   .            (no gloves)
SInv    .            (no boots)
Will    .....        (no amulet)
Stlth   +            (no ring)
HPRegen 0.27/turn    (no ring)
MPRegen 0.09/turn

%: no passive effects
@: no status effects
A: no striking features
a: Renounce Religion, Berserk, Trog's Hand


You were on level 2 of the Dungeon.
You worshipped Trog.
Trog was pleased with you.
You visited 1 branch of the dungeon, and saw 2 of its levels.

You collected 142 gold pieces.

Inventory:

Hand Weapons
 a - a +0 hand axe (weapon)
Missiles
 l - a throwing net (quivered)
Armour
 b - a +0 animal skin (worn)
Scrolls
 c - 4 scrolls of identify {unknown}
 h - 4 scrolls of teleportation {unknown}
 i - a scroll of amnesia {unknown}
 j - 3 scrolls of enchant armour {unknown}
 m - a scroll of brand weapon {unknown}
 n - a scroll of enchant weapon {unknown}
 o - a scroll of fear {unknown}
Potions
 d - 2 potions of magic {unknown}
 e - a potion of ambrosia {unknown}
 f - a potion of degeneration {unknown}
 g - a potion of heal wounds {unknown}
 k - a potion of resistance {unknown}


   Skills:
 + Level 4.6 Fighting
 + Level 5.1 Axes
 + Level 3.3 Armour
 + Level 2.4 Dodging


You had 4 spell levels left.
You didn't know any spells.
Your spell library was empty.

Dungeon Overview and Level Annotations

Branches:
Dungeon (2/15)

Altars:

Shops:
D:2 (

Annotations:
D:2 Natasha


Message History

Done exploring.
Done exploring.
Natasha, Servant of Life and Death comes into view.
Natasha hisses angrily.
Natasha mumbles some strange words.
Natasha claws you.
The cerulean imp hits you from afar with a +2 spear.
You barely miss Natasha. Natasha claws you!
The cerulean imp hits you from afar with a +2 spear.
You slash Natasha!
Natasha is heavily wounded.
Natasha closely misses you.
The cerulean imp hits you from afar with a +2 spear.
You closely miss Natasha.
Natasha is heavily wounded.
Natasha misses you. The cerulean imp closely misses you.
You barely miss Natasha.
Natasha is heavily wounded.
Natasha claws you.
The cerulean imp hits you from afar with a +2 spear.
You barely miss Natasha.
Natasha is heavily wounded.
Natasha claws you.
* * * LOW HITPOINT WARNING * * *
The cerulean imp hits you from afar with a +2 spear.
* * * LOW HITPOINT WARNING * * *
You hit Natasha.
Natasha is heavily wounded.
Natasha claws you.
* * * LOW HITPOINT WARNING * * *
The cerulean imp barely misses you.
You barely miss Natasha.
Natasha is heavily wounded.
Natasha claws you.
* * * LOW HITPOINT WARNING * * *
The cerulean imp misses you.
You miss Natasha.
Natasha is heavily wounded.
Natasha claws you!
You die...

........# #....................#
........####.#...#'#.............
................⌠#'#⌠...........#
........######.###'###...........
........######.++'∩'++...........
........#...##.###'###..#.#######
#...............5#'#⌠............
###...###...##)..#'#.....#######<
#<#..###.....h@.....##.# #.
##.##...#.####.....####.# #.
##..####...######...## #.# #.
#..## ###...#####...###.# ##
#)###### ##.....#........# #####
)÷.....# #.###.#.#.####.# #....
.......# #.# #.#.#.###..####....
.......# #.###......##..........
.......####.##....#.....####.....


You could see Natasha and a cerulean imp (summoned).

Vanquished Creatures
  Jessica (D:2)
  Natasha (twice) (D:2)
  2 worms (D:2)
  A dart slug (D:2)
  4 bats
  4 endoplasms
  3 giant cockroaches
  5 goblins
  6 hobgoblins
  4 quokkas
  2 ball pythons (D:1)
  5 frilled lizards
  2 kobolds
  2 rats
43 creatures vanquished.

Notes
Turn   | Place    | Note
-------+----------+-------------------------------------------
     0 | D:1      | porada001 the Hill Orc Berserker began the quest for the
                  | Orb.
     0 | D:1      | Reached XP level 1. HP: 19/19 MP: 1/1
   109 | D:1      | Reached XP level 2. HP: 10/27 MP: 2/2
   531 | D:1      | Found a faded altar of an unknown god.
  1006 | D:2      | Reached XP level 3. HP: 30/33 MP: 3/3
  1400 | D:2      | Noticed Jessica
  1409 | D:2      | Killed Jessica
  1410 | D:2      | Reached XP level 4. HP: 40/40 MP: 4/4
  1439 | D:2      | Reached ** piety under Trog
  1513 | D:2      | Found Moji's Weapon Emporium.
  1558 | D:2      | Noticed Natasha
  1578 | D:2      | Killed Natasha
  1580 | D:2      | HP: 1/61 [goblin/+0 club (4)]
  1994 | D:2      | Reached skill level 5 in Axes
  2145 | D:2      | Noticed Natasha
  2151 | D:2      | Killed Natasha
  2152 | D:2      | Reached XP level 5. HP: 47/47 MP: 5/5
  2221 | D:2      | Noticed Natasha
  2233 | D:2      | HP: 2/47 [Natasha (2)]
  2234 | D:2      | Slain by Natasha

Illustrated notes

Levels and vault maps discovered:
D:1:      heliophobic_arrival_battle_scene, layout_basic,
          shapermc_ecumenical_altar_starsandcircs
D:2:      layout_rooms, serial_shops, nicolae_shop_real_fake_doors,
          minmay_misc_feat_plants, uniq_jessica, uniq_natasha

Skill      XL: |  1  2  3  4 |
---------------+-------------+-----
Fighting       | 4 |  4.6
Dodging        | 2 |  2.4
Armour         | 3 |  3.3
Axes           | 5 |  5.1

Action                     |  1- 3 |  4- 6 || total
---------------------------+-------+-------++-------
  Melee: Hand axe          |   101 |    57 ||   158
 Invoke: Berserk           |     1 |     2 ||     3
 Armour: Animal skin       |    19 |     4 ||    23
  Dodge: Dodged            |    55 |    37 ||    92
